 Dungeon Crawl Stone Soup version 0.16.2-12-gd0ad4c3 (webtiles) character file.

38 kroki the Slasher (level 3, 0/22 HPs)
             Began as a Deep Elf Berserker on Feb 1, 2016.
             Was a Believer of Trog.
             Slain by a gnoll
             ... wielding a +0 halberd
              (5 damage)
             ... on level 2 of the Dungeon.
             The game lasted 00:03:09 (2039 turns).

kroki the Slasher (Deep Elf Berserker)              Turns: 2039, Time: 00:03:09

Health: 0/22       AC:  3    Str: 19    XL:     3   Next: 25%
Magic:  6/6        EV: 12    Int: 16    God:    Trog [**....]
Gold:   56         SH:  0    Dex: 15    Spells: 0 memorised, 2 levels left

rFire  . . .     SeeInvis .     a - +0 falchion
rCold  . . .     Clarity  .     f - +0 leather armour
rNeg   . . .     SustAb   .     (no shield)
rPois  .         Gourm    .     (no helmet)
rElec  .         Spirit   .     (no cloak)
rCorr  .         Warding  .     (no gloves)
rMut   .         Stasis   .     (no boots)
MR     ++...                    (no amulet)
Stlth  +.........               (no ring)
                                (no ring)

@: mighty, brilliant, exhausted, regenerating, slowed, very slow, very resistant
to hostile enchantments, very unstealthy
A: no striking features
a: Burn Spellbooks, Berserk, Trog's Hand, Renounce Religion


You were on level 2 of the Dungeon.
You worshipped Trog.
Trog was pleased with you.
You were very hungry.

You visited 1 branch of the dungeon, and saw 2 of its levels.

You collected 56 gold pieces.

Inventory:

Hand weapons
 a - a +0 falchion (weapon)
Armour
 b - a +0 animal skin
 d - a +2 pair of gloves
   (You found it on level 1 of the Dungeon)
 f - a +0 leather armour (worn)
   (You found it on level 1 of the Dungeon)
 m - a +0 ring mail
   (You found it on level 1 of the Dungeon)
Scrolls
 g - a scroll of immolation {!r}
Potions
 e - a potion of ambrosia {unknown}
 h - a potion of cure mutation {!q}
Comestibles
 c - a bread ration {@e1}
 l - a royal jelly


   Skills:
 - Level 2.4 Fighting
 + Level 4.0 Long Blades
 - Level 1.5 Armour
 - Level 2.4 Dodging


You had 2 spell levels left.
You didn't know any spells.

Dungeon Overview and Level Annotations

Branches:
Dungeon (2/15)

Altars:


Message History

You start waiting.
Some of the chunks of flesh in your inventory have rotted away.
All of the chunks of flesh in your inventory have rotted away.
Done waiting.
Unknown command.
Health restored: 18 You see here a jackal skeleton.
You open the door.
A quokka comes into view.
There is an open door here.
A quokka is nearby!
A quokka is nearby!
A quokka is nearby!
You barely miss the quokka. The quokka barely misses you.
You hit the quokka. The quokka barely misses you.
The quokka closely misses you.
You slash the quokka!
You kill the quokka!
Trog accepts your kill.
Found a stone staircase leading down.
There is an open door here.
You see here 11 stones.
k - a scroll labeled TONORGH CHAYVIU
Found a stone staircase leading up.
A giant newt comes into view.
A giant newt is nearby!
A giant newt is nearby!
You hit the giant newt.
You kill the giant newt!
Trog accepts your kill.
You have reached level 3!
Your experience leads to an increase in your attributes!
Increase (S)trength, (I)ntelligence, or (D)exterity?
You feel agile.
Health restored: 22; MP restored: 6 You see here a giant newt corpse.
You offer a prayer to Trog.
The giant newt corpse is consumed in a column of flame.
Trog is pleased with you.
There is a stone staircase leading down here.
There is an open door here.
A gnoll comes into view. It is wielding a rapier.
A gnoll is nearby!
A gnoll is nearby!
A gnoll is nearby!
A gnoll is nearby!
A red film seems to cover your vision as you go berserk!
You feel yourself moving faster!
You feel mighty!
You are feeling hungry.
You now have 33/33 hp.
You hit the gnoll. You slash the gnoll!
You kill the gnoll!
Trog accepts your kill.
Your Long Blades skill increases to level 4!
You feel a strong urge to attack something.
You see here a rapier.
There isn't anything to butcher here.
You start waiting.
A gnoll comes into view. It is wielding a halberd.
Unknown command.
A gnoll is nearby!
Unknown command.
A gnoll is nearby!
Unknown command.
A gnoll is nearby!
You feel your anger subside.
The gnoll shouts!
You are no longer berserk.
You are exhausted.
You feel yourself slow down.
You are feeling very hungry.
You now have 22/22 hp.
Drink which item? (? for menu, Esc to quit)
Okay, then.
Read which item? (? for menu, Esc to quit)
As you read the scroll labeled TONORGH CHAYVIU, it crumbles to dust.
You feel as if something is helping you.
It was a scroll of remove curse.
Read which item? (? for menu, Esc to quit)
Okay, then.
Drink which item? (? for menu, Esc to quit)
It was a potion of brilliance.
You feel clever all of a sudden.
Drink which item? (? for menu, Esc to quit)
It was a potion of might.
You feel very mighty all of a sudden.
The gnoll hits you from afar with a halberd!
You take 8 damage, and have 14/22 hp.
MASSIVE DAMAGE!!
You barely miss the gnoll. The gnoll hits you with a halberd!
* * * LOW HITPOINT WARNING * * *
You take 10 damage, and have 4/22 hp.
MASSIVE DAMAGE!!
Your skin crawls.
You feel resistant to hostile enchantments.
You feel slightly more hungry.
You feel the effects of Trog's Hand fading.
The gnoll hits you with a halberd.
You die...

<..............#.#
######.).......#.#
#......####.#
#.........#.#########
#......##.#)........#
#......##.#.#######.#
#......##.#.....# #.#
#########.#.#g#.# #.#
#.#@#.#.# #.#
#.#.g...# #.#
#.#########.#
#.........#.#
#########.#.# #...#.#
#.###.### #.......#
#.###.###


You could see a gnoll.

Vanquished Creatures
  A gnoll (D:2)
  2 bats (D:1)
  5 goblins
  4 jackals (D:2)
  3 kobolds (D:1)
  4 giant geckos
  2 giant newts
  A quokka (D:2)
  4 rats
26 creatures vanquished.

Notes
Turn   | Place    | Note
--------------------------------------------------------------
     0 | D:1      | kroki, the Deep Elf Berserker, began the quest for the Orb.
     0 | D:1      | Reached XP level 1. HP: 13/13 MP: 2/2
   452 | D:1      | Reached skill level 3 in Long Blades
   540 | D:1      | Reached XP level 2. HP: 18/18 MP: 4/4
  1621 | D:2      | Acquired Trog's second power
  1940 | D:2      | Reached XP level 3. HP: 22/22 MP: 6/6
  2025 | D:2      | Reached skill level 4 in Long Blades
  2038 | D:2      | HP: 4/22 [gnoll/halberd (10)]
  2039 | D:2      | Slain by a gnoll

Action                   || total
-------------------------++-------
Melee: Falchion          ||    70
Invok: Berserk           ||     4
       Trog's Hand       ||     1
  Use: Scroll            ||     5
       Potion            ||     2
  Eat: Chunk             ||     6

Vault maps used:
D:1:      dpeg_arrival_long_road
D:2:      overflow_temple_1_default

Table legend:
 A = Turns spent in this place as a percentage of turns spent in the entire game.
 B = Non-inter-level travel turns spent in this place as a percentage of non-inter-level travel turns spent in the entire game.
 C = Inter-level travel turns spent in this place as a percentage of turns spent in this place.
 D = Turns resting spent in this place as a percentage of non-inter-level travel turns spent in this place.
 E = Turns spent auto-exploring this place as a percentage of non-inter-level travel turns spent in this place.
 F = Non-inter-level travel turns spent in this place divided by the number of levels of this place that you've seen.
                   A       B       C       D       E      F
               +-------+-------+-------+-------+-------+----------------------
         Total | 100.0 | 100.0 |   0.6 |   6.9 |   7.5 | 268.0
       Dungeon | 100.0 | 100.0 |   0.6 |   6.9 |   7.5 | 268.0
               +-------+-------+-------+-------+-------+----------------------

Table legend:
 A = Kills in this place as a percentage of kills in entire the game.
 B = Kills by you in this place as a percentage of kills by you in the entire game.
 C = Kills by friends in this place as a percentage of kills by friends in the entire game.
 D = Other kills in this place as a percentage of other kills in the entire game.
 E = Experience gained in this place as a percentage of experience gained in the entire game.
 F = Experience gained in this place divided by the number of levels of this place that you have seen.
                   A       B       C       D       E      F
               +-------+-------+-------+-------+-------+----------------------
         Total | 100.0 | 100.0 |  -nan |  -nan | 100.0 |  27.5
       Dungeon | 100.0 | 100.0 |  -nan |  -nan | 100.0 |  27.5
               +-------+-------+-------+-------+-------+----------------------
